 Dungeon Crawl Stone Soup version 0.30-a0-777-ga9a30cbeda (webtiles) character file.

Game seed: 5797805354360223094

31746 kingofthe the Nimble (level 13, -4/77 (81) HPs)
             Began as an Octopode Conjurer on Feb 14, 2023.
             Was an Elder of Sif Muna.
             Killed from afar by an orc sorcerer (22 damage)
             ... with a bolt of negative energy
             ... on level 2 of the Orcish Mines.
             The game lasted 02:04:42 (27308 turns).

kingofthe the Nimble (Octopode Conjurer)           Turns: 27308, Time: 02:04:42

HP:   -4/77 (81)    AC:  2    Str:  8    XL:     13   Next: 60%
MP:   1/33          EV: 23    Int: 20    God:    Sif Muna [****..]
Gold: 1766          SH:  0    Dex: 26    Spells: 1/26 levels left

rFire   + + +      SeeInvis +    a - staff of fire
rCold   + . .      Faith    .    (no shield)
rNeg    . . .      Spirit   .    i - +1 hat {SInv}
rPois   .          Reflect  .    C - amulet of magic regeneration
rElec   .          Harm     .    q - ring of wizardry
rCorr   .          Rampage  .    e - ring of protection from fire
Will    +....                    u - ring of protection from cold
Stlth   ++++++                   B - ring of see invisible
HPRegen 0.32/turn                L - +6 ring of dexterity
MPRegen 0.63/turn                m - ring of willpower
                                 s - +6 ring of dexterity
                                 T - ring of Huoskaaph {rF++ MP+9 Slay+2}

@: lightly drained
A: almost no armour, amphibious, 8 rings, camouflage 1, gelatinous body 1,
(nimble swimmer 1), tentacles
a: Renounce Religion, Channel Magic, Forget Spell, Divine Exegesis


You were on level 2 of the Orcish Mines.
You worshipped Sif Muna.
Sif Muna was greatly pleased with you.
You visited 4 branches of the dungeon, and saw 17 of its levels.

You collected 2222 gold pieces.
You spent 456 gold pieces at shops.

Inventory:

Hand Weapons
 b - a +9 hand axe of electrocution
 j - a +2 vampiric dagger
 l - a +1 whip of venom
 z - a +3 scimitar of flaming
 F - a +2 scimitar of holy wrath
 U - a +5 war axe of flaming
Armour
 i - a +1 hat of see invisible (worn)
Magical Staves
 a - a staff of fire (weapon)
 O - a staff of air
Jewellery
 e - a ring of protection from fire (right tentacle)
 m - a ring of willpower (on tentacle)
 q - a ring of wizardry (left tentacle)
 s - a +6 ring of dexterity (on tentacle)
 u - a ring of protection from cold (on tentacle)
 B - a ring of see invisible (on tentacle)
 C - an amulet of magic regeneration (around mantle)
 K - a ring of willpower
 L - a +6 ring of dexterity (on tentacle)
 N - an amulet of reflection
 T - the ring of Huoskaaph (on tentacle) {rF++ MP+9 Slay+2}
   (You found it on level 2 of the Lair of Beasts)

   [ring of magical power]

   Slay:      It affects your accuracy & damage with ranged weapons and melee
   (+2).
   rF:        It greatly protects you from fire.
   MP:        It affects your magic capacity (+9).
 V - a ring of ice
Wands
 w - a wand of flame (36)
 x - a wand of mindburst (6)
 y - a wand of polymorph (12)
 I - a wand of acid (11)
Scrolls
 f - 4 scrolls of magic mapping
 n - 4 scrolls of enchant weapon
 o - 2 scrolls of fog
 p - 3 scrolls of silence
 r - a scroll of brand weapon
 D - a scroll of teleportation
 G - 2 scrolls of amnesia
 J - 2 scrolls of identify
 P - 2 scrolls of blinking {unknown}
 Q - a scroll of enchant armour {unknown}
Potions
 c - 2 potions of resistance
 d - 3 potions of brilliance
 g - 4 potions of lignification
 h - 3 potions of berserk rage
 k - 2 potions of flight
 t - a potion of magic
 v - 3 potions of attraction
 A - a potion of cancellation
 E - 2 potions of mutation
 H - 2 potions of curing
 M - a potion of degeneration {unknown}
 R - a potion of might {unknown}
 S - a potion of invisibility {unknown}


   Skills:
 + Level 5.1 Fighting
 * Level 11.0 Dodging
 - Level 10.5 Stealth
 - Level 7.3 Spellcasting
 + Level 8.9 Conjurations
 - Level 7.4 Hexes
 + Level 6.6 Fire Magic
 - Level 5.0 Ice Magic
 * Level 7.6 Earth Magic
 - Level 6.3 Invocations


You had one spell level left.
You knew the following spells:

 Your Spells              Type           Power      Damage    Failure   Level
a - Magic Dart            Conj           100%       1d8       1%          1
b - Searing Ray           Conj           86%        2d7       1%          2
c - Dazzling Flash        Conj/Hex       80%        N/A       1%          3
d - Fulminant Prism       Conj/Hex       20%        3d12      1%          4
e - Flame Wave            Conj/Fire      55%        2d13      1%          4
f - Freeze                Ice            100%       1d10      1%          1
g - Lee's Rapid Deconstr  Erth           18%        3d11*     4%          5
h - Metabolic Englaciati  Hex/Ice        16%        N/A       8%          5

Your spell library contained the following spells:

 Spells                   Type           Power      Damage    Failure   Level
 Apportation              Tloc           14%        N/A       3%          1
 Leda's Liquefaction      Hex/Erth       18%        N/A       1%          4
 Sublimation of Blood     Necr           7%         N/A       6%          2
 Wereblood                Tmut           7%         N/A       6%          2
 Iskenderun's Mystic Bla  Conj/Tloc      25%        2d7       6%          4
 Summon Mana Viper        Hex/Summ       22%        N/A       21%         5
 Alistair's Intoxication  Tmut/Pois      4%         N/A       65%         5
 Summon Forest            Summ/Tloc      3%         N/A       65%         5
 Statue Form              Tmut/Erth      14%        N/A       71%         6
 Summon Cactus Giant      Summ           3%         N/A       99%         6
 Summon Hydra             Summ           3%         N/A       100%        7
 Polar Vortex             Ice            13%        N/A       100%        9


Dungeon Overview and Level Annotations

Branches:
Dungeon (11/15)            Temple (1/1) D:7            Lair (3/5) D:11
  Swamp (0/4) Lair:2       Spider (0/4) Lair:2          Orc (2/2) D:9
    Elf (0/3) Orc:2

Altars:
Ashenzari
Cheibriados
Dithmenos
Elyvilon
Fedhas
Gozag
Hepliaklqana
Kikubaaqudgha
Makhleb
Nemelex Xobeh
Okawaru
Qazlal
Ru
Sif Muna
Trog
Uskayaw
Vehumet
Wu Jian
Xom
Yredelemnul
Zin
The Shining One

Shops:
D:3 [[*(   D:8 (   Orc:1 (*

Annotations:
D:5 2 transporters, Esekla's ghost, weakling VSDe
Lair:3 exclusion: hydra


Innate Abilities, Weirdness & Mutations

You cannot wear most types of armour.
You are amphibious.
You can wear up to eight rings at the same time.
Your skin changes colour to match your surroundings (Stealth+).
Your rubbery body absorbs attacks. (AC +1, EV +1)
((You are camouflaged when in or above water. (Stealth+)))
You have tentacles for arms and can constrict up to eight enemies at once.


Message History

Urug throws a javelin.
The javelin pierces through you!!
* * * LOW HITPOINT WARNING * * *
A wave of flame ripples out!
The flame wave engulfs Urug!
You kill Urug!
Sif Muna accepts your kill.
The orc sorcerer wildly gestures.
The orc sorcerer's hands start to glow.
A wave of flame ripples out!
The flame wave engulfs the orc sorcerer.
The orc sorcerer is severely wounded.
The flame wave engulfs the orc sorcerer.
The orc sorcerer is lightly wounded.
You finish channelling waves of flame.
Casting: Flame Wave (dangerous; 1% risk of failure)
Confirm with . or Enter, or press ? or * to list all spells.
Casting: Flame Wave (dangerous; 1% risk of failure)
Press: ? - help, Dir - look around, f - activate You feel a surge of power!
A wave of flame ripples out!
The flame wave engulfs the orc sorcerer!
You kill the orc sorcerer!
Sif Muna accepts your kill. (Press . to intensify the flame waves.)
The orc sorcerer casts a spell.
Your magical contamination has completely faded away.
Your Dodging skill increases to level 11!
A wave of flame ripples out!
The flame wave engulfs the soul eater!
The soul eater is lightly wounded.
The flame wave engulfs the orc sorcerer!
The orc sorcerer is moderately wounded.
The soul eater hits you!
* * * LOW HITPOINT WARNING * * *
A wave of flame ripples out!
The flame wave engulfs the orc sorcerer!
The orc sorcerer is severely wounded.
The flame wave engulfs the soul eater!
The soul eater is moderately wounded.
You finish channelling waves of flame.
The orc sorcerer points at you and mumbles some strange words.
The bolt of negative energy hits you!!
You feel drained.
You die...

### ##.#..#.# .# ##.##
##...... ... #...# ##..#..
.... ### ##.## ###### ....#
##.## ##<##### #####
...#.####...# #...##.###..#.
......#.#..#####......#.....
..).[#.......####.##.##.....
.).........@..#......#.#....
...).#....o3.#.............#
...........)...........^..##
.....^......##............##
..).......####...#.......#..
......#....####.####.#......
.......#...##....##.........
..........#.....####......#.
.............#### #########


You could see a soul eater (summoned) and an orc sorcerer.

Vanquished Creatures
  Gastronok (Lair:1)
  Fannar (Orc:1)
  2 hydras (Lair:2)
  A two-headed ogre (D:11)
  Erica (D:9)
  Urug (Orc:2)
  A bog body (Lair:2)
  A deep elf pyromancer (D:6)
  3 ugly things
  2 orc sorcerers
  4 black mambas
  A torpor snail (Lair:1)
  Maggie (D:7)
  7 cane toads
  A kobold demonologist (D:11)
  5 komodo dragons
  2 rime drakes
  6 trolls
  3 polar bears (Lair:3)
  Grinder (D:4)
  8 blink frogs (Lair:1)
  2 jumping spiders
  A shadow (D:9)
  A vampire (D:11)
  3 wyverns
  32 yaks
  2 basilisks
  A redback (Lair:2)
  6 wargs
  2 acid dragons
  3 swamp worms (Lair:2)
  13 water moccasins
  13 orc warriors
  3 ogres
  2 black bears
  2 ice beasts
  4 boggarts (Lair:3)
  8 wolves
  5 phantoms
  A kobold brigand (D:7)
  10 bullfrogs
  2 scorpions
  A necrophage (D:7)
  10 killer bees
  3 electric eels
  A howler monkey (D:10)
  3 hounds
  2 jellies
  13 orc priests
  A gnoll bouda (D:10)
  4 iguanas
  Natasha (thrice) (D:2)
  19 orc wizards
  7 gnolls
  10 adders
  2 shadow imps
  3 white imps
  2 ufetubi
  4 dart slugs
  84 orcs
  8 bats
  6 endoplasms
  2 giant cockroaches (D:2)
  12 goblins
  8 hobgoblins
  3 jackals (D:4)
  9 quokkas
  9 ball pythons
  2 frilled lizards
  16 kobolds
  5 rats
421 creatures vanquished.

Vanquished Creatures (others)
  105 fulminant prisms
  22 fungi
  27 plants
154 creatures vanquished.

Grand Total: 575 creatures vanquished

Notes
Turn   | Place    | Note
-------+----------+-------------------------------------------
     0 | D:1      | kingofthe the Octopode Conjurer began the quest for the
                  | Orb.
     0 | D:1      | Reached XP level 1. HP: 11/11 MP: 3/3
   210 | D:1      | Found a faded altar of an unknown god.
   281 | D:1      | Reached XP level 2. HP: 17/17 MP: 3/5
   326 | D:1      | Learned a level 2 spell: Searing Ray
   959 | D:1      | Reached XP level 3. HP: 21/21 MP: 2/7
  2150 | D:2      | Reached XP level 4. HP: 27/27 MP: 5/8
  2345 | D:2      | Noticed Natasha
  2350 | D:2      | Killed Natasha
  2778 | D:2      | Noticed Natasha
  2783 | D:2      | Killed Natasha
  2784 | D:2      | Reached skill level 3 in Dodging
  2784 | D:2      | Reached XP level 5. HP: 31/31 MP: 2/10
  2949 | D:2      | Noticed Natasha
  2953 | D:2      | Killed Natasha
  3733 | D:3      | Found Qemnigo's Antique Armour Shop.
  3833 | D:3      | Found a shimmering altar of Xom.
  4235 | D:3      | Found Manlausu's Weapon Boutique.
  4371 | D:3      | Learned a level 3 spell: Dazzling Flash
  4376 | D:3      | Learned a level 4 spell: Fulminant Prism
  4646 | D:3      | Found Raadaob's Assorted Antiques.
  4739 | D:3      | Found Sinept's Antique Armour Boutique.
  4788 | D:4      | Reached XP level 6. HP: 36/36 MP: 2/11
  4819 | D:4      | Noticed an ice beast
  4930 | D:4      | Reached skill level 1 in Hexes
  4933 | D:4      | Identified the +1 leather armour "Manuid" {Int+4 Dex+3}
  5241 | D:4      | Noticed Grinder
  5254 | D:4      | Killed Grinder
  5255 | D:4      | Reached skill level 4 in Dodging
  5255 | D:4      | Reached XP level 7. HP: 25/41 MP: 0/12
  5695 | D:4      | Reached skill level 5 in Stealth
  5877 | D:4      | Found a glowing golden altar of the Shining One.
  5877 | D:4      | Found a snail-covered altar of Cheibriados.
  5879 | D:4      | Found a shadowy altar of Dithmenos.
  5881 | D:4      | Found a sparkling altar of Nemelex Xobeh.
  6040 | D:4      | Reached skill level 5 in Conjurations
  6133 | D:5      | Entered Level 5 of the Dungeon
  6330 | D:5      | Reached skill level 5 in Dodging
  6363 | D:5      | Reached XP level 8. HP: 22/46 MP: 1/14
  6790 | D:5      | Found a transporter.
  6790 | D:5      | Noticed Esekla's ghost (weakling VSDe)
  6794 | D:5      | Found a transporter.
  7314 | D:5      | Found a burning altar of Makhleb.
  7340 | D:5      | Found a stormy altar of Qazlal.
  8106 | D:6      | Noticed a deep elf pyromancer
  8119 | D:6      | Killed a deep elf pyromancer
  8120 | D:6      | Reached skill level 6 in Dodging
  8120 | D:6      | Reached skill level 5 in Spellcasting
  8120 | D:6      | Reached skill level 5 in Hexes
  8120 | D:6      | Reached XP level 9. HP: 36/51 MP: 6/16
  8970 | D:7      | Reached skill level 7 in Dodging
  9400 | D:7      | Found a staircase to the Ecumenical Temple.
  9407 | D:7      | Got the Volume of Snowy Conjuration
  9410 | Temple   | Entered the Ecumenical Temple
  9417 | Temple   | Became a worshipper of Sif Muna the Loreminder
  9423 | Temple   | Learned a level 4 spell: Flame Wave
  9655 | D:7      | Reached skill level 1 in Fire Magic
  9884 | D:7      | Noticed Maggie
  9896 | D:7      | Killed Maggie
 10542 | D:8      | Found Ecagiycu's Firing Range.
 10594 | D:8      | Reached XP level 10. HP: 41/56 MP: 8/18
 11146 | D:8      | Reached * piety under Sif Muna
 11586 | D:8      | Reached skill level 8 in Dodging
 12143 | D:3      | Bought a weird smoking staff for 288 gold pieces
 12440 | D:3      | Bought a scroll of identify for 48 gold pieces
 13945 | D:9      | Reached ** piety under Sif Muna
 13946 | D:9      | Reached skill level 1 in Invocations
 14217 | D:3      | Bought a wooden ring for 120 gold pieces
 14624 | D:9      | Noticed a boulder beetle
 14880 | D:9      | Found a staircase to the Orcish Mines.
 15168 | D:10     | Entered Level 10 of the Dungeon
 15321 | D:10     | Noticed Erica
 15334 | D:9      | Killed Erica
 15335 | D:9      | Reached skill level 9 in Dodging
 15335 | D:9      | Reached XP level 11. HP: 61/61 MP: 3/20
 15600 | Orc:1    | Entered Level 1 of the Orcish Mines
 16186 | Orc:1    | Noticed Fannar
 16793 | D:10     | Reached *** piety under Sif Muna
 17081 | D:10     | Found an ancient bone altar of Kikubaaqudgha.
 17936 | D:11     | Noticed a two-headed ogre
 17942 | D:11     | Killed a two-headed ogre
 17953 | D:11     | Noticed a brown ugly thing
 18085 | D:11     | Reached skill level 1 in Fighting
 18173 | D:11     | Found a staircase to the Lair.
 18187 | Lair:1   | Entered Level 1 of the Lair of Beasts
 18197 | Lair:1   | Reached skill level 5 in Fire Magic
 18217 | Lair:1   | Noticed Gastronok
 18396 | Lair:1   | Killed Gastronok
 18554 | Lair:1   | Identified a scroll of acquirement
 18554 | Lair:1   | Acquired 467 gold pieces
 18612 | Lair:1   | Reached skill level 10 in Stealth
 18882 | Lair:1   | Reached skill level 5 in Invocations
 18882 | Lair:1   | Reached XP level 12. HP: 72/72 MP: 8/22
 19026 | Lair:1   | Learned a level 1 spell: Freeze
 19273 | Lair:1   | Reached skill level 10 in Dodging
 19273 | Lair:1   | Reached skill level 1 in Ice Magic
 19739 | D:11     | Noticed a boulder beetle
 20738 | Lair:2   | Found a hole to the Spider Nest.
 20848 | Lair:1   | Learned a level 5 spell: Lee's Rapid Deconstruction
 21048 | Lair:1   | Reached skill level 1 in Earth Magic
 22009 | Lair:2   | Noticed a five-headed hydra
 22034 | Lair:2   | Killed a five-headed hydra
 22231 | Lair:2   | Reached skill level 5 in Earth Magic
 22392 | Lair:2   | Noticed a six-headed hydra
 22414 | Lair:2   | Learned a level 5 spell: Metabolic Englaciation
 22656 | Lair:2   | Reached **** piety under Sif Muna
 22663 | Lair:2   | Reached XP level 13. HP: 81/81 MP: 14/24
 22791 | Lair:2   | Identified the ring of Huoskaaph {rF++ MP+9 Slay+2}
 23010 | Lair:2   | HP: 4/81 [six-headed hydra (10)]
 23632 | Lair:2   | Found a staircase to the Swamp.
 25978 | Orc:1    | Killed Fannar
 26091 | Orc:1    | Found Lithoz's Weapon Emporium.
 26103 | Orc:1    | Reached skill level 5 in Ice Magic
 26254 | Orc:1    | Found Imuj's Overcharged Wands.
 26565 | Orc:2    | Entered Level 2 of the Orcish Mines
 27039 | Orc:2    | Found a staircase to the Elven Halls.
 27175 | Orc:2    | Noticed Urug
 27303 | Orc:2    | Reached skill level 5 in Fighting
 27304 | Orc:2    | Killed Urug
 27307 | Orc:2    | Reached skill level 11 in Dodging
 27308 | Orc:2    | Killed from afar by an orc sorcerer

Illustrated notes

Levels and vault maps discovered:
D:1:      lightli_arrival_isolated_outpost, layout_loops_corners,
          serial_co_window_serial, co_window_paths_b, co_window_paths_b,
          co_window_corner_a, co_window_paths_a, co_window_paths_b,
          co_window_unsneaky_path_a, co_window_corner_cb, co_window_broadway_c,
          co_window_corner_cb, co_window_corner_cb, glass_columns_a,
          glass_columns_b, glass_columns_a, chequers_ecumenical_altar_simple
D:2:      layout_basic, dreamdust_mushroom_princess, uniq_natasha
D:3:      layout_loops_cross, xom_confusion_cloud, serial_shops, shop_fountains,
          nicolae_shop_crystal, shop, nicolae_shop_overgrown_old_shop
D:4:      layout_cave_pools, minitemple, nicolae_kite_square_tiling_tiny,
          hangedman_minor_gate_pass, uniq_grinder
D:5:      layout_rooms, mainiacjoe_overflow_two_lobes, gammafunk_ghost_arena,
          minmay_hedge_maze, minivault_1, minmay_misc_feat_diagonals,
          skrybe_limestone_x
D:6:      layout_rooms, guppyfry_early_elven_hall
D:7:      layout_basic, minmay_temple_entry_offerings,
          kennysheep_generic_room_16, uniq_maggie
D:8:      layout_rooms, special_room [special_room_orc], serial_aquarium,
          aquarium_bridge_square [aquarium_subvault_balcony,
          aquarium_subvault_window, aquarium_subvault_wall,
          aquarium_subvault_bridge], aquarium_window_1,
          aquarium_window_corridor_3, aquarium_window_2, aquarium_view_2d,
          aquarium_balcony_3b, aquarium_pool_1, nicolae_shop_firing_range
D:9:      layout_roguey, erik_orc_3, nicolae_elevator_lobby_asterisk
D:10:     layout_layer_cave, old_standard_altar, uniq_erica
D:11:     layout_stronghold, erik_lair_orcish_takeover, lemuel_nasty_fountain
Temple:   eino_temple_lava
Lair:1:   layout_small_grid, grunt_megastairs_1, uniq_gastronok
Lair:2:   layout_gridlike, nicolae_swamp_entry_splash_gauntlet,
          spider_nest_entry_a
Lair:3:   layout_layer_cave, kilobyte_rumbling_trees, serial_bayou_shore_a
Orc:1:    layout_diamond_mine, serial_shops, nicolae_shop_bloodbath_and_beyond,
          nicolae_shop_overcharged_wands, uniq_fannar
Orc:2:    st_orc_elflike, layout_caves, uniq_urug

Skill      XL: |  1  2  3  4  5  6  7  8  9 10 11 12 13 |
---------------+----------------------------------------+-----
Spellcasting   | 3 4 5 6 7 |  7.3
Stealth        | 3 4 5 6 8 9 10 | 10.5
Dodging        | 3 4 5 6 7 9 10 11 | 11.0
Hexes          | 2 3 5 6 7 |  7.4
Conjurations   | 5 6 7 8 |  8.9
Fire Magic     | 2 4 5 6 |  6.6
Invocations    | 2 5 6 |  6.3
Fighting       | 3 4 5 |  5.1
Ice Magic      | 3 5 |  5.0
Earth Magic    | 6 7 |  7.6

Action                     |  1- 3 |  4- 6 |  7- 9 | 10-12 | 13-15 || total
---------------------------+-------+-------+-------+-------+-------++-------
  Melee: Whip              |       |    14 |    24 |       |       ||    38
         Constrict         |       |     7 |     3 |     4 |       ||    14
         Tentacles         |       |     5 |     6 |     4 |       ||    15
         Dagger            |       |       |     6 |    11 |       ||    17
         Staff             |       |       |       |     1 |       ||     1
   Cast: Magic Dart        |    62 |    83 |    91 |   114 |    32 ||   382
         Searing Ray       |     5 |    21 |    59 |   102 |     9 ||   196
         Fulminant Prism   |       |       |     3 |    66 |    36 ||   105
         Flame Wave        |       |       |       |    73 |    36 ||   109
         Dazzling Flash    |       |       |       |    19 |     4 ||    23
         Freeze            |       |       |       |     3 |       ||     3
         Lee's Rapid Decon |       |       |       |     1 |    21 ||    22
         Metabolic Englaci |       |       |       |       |     3 ||     3
 Invoke: Channel Magic     |       |       |       |     5 |     1 ||     6
  Evoke: Wand              |       |       |     8 |    13 |       ||    21
    Use: Potion            |       |       |     1 |     7 |     2 ||    10
         Scroll            |       |       |       |    27 |     1 ||    28
 Armour: Skin              |       |     1 |     7 |    14 |     2 ||    24
  Dodge: Dodged            |     5 |    21 |    95 |   303 |   100 ||   524
  Block: Other             |       |       |       |    40 |       ||    40

Table legend: (Time is in decaauts)
 A = Elapsed time spent in this place.
 B = Non-inter-level travel time spent in this place.
 C = Inter-level travel time spent in this place.
 D = Time resting spent in this place.
 E = Time spent auto-exploring this place.
 F = Levels seen in this place.
 G = Mean time per level.
                   A        B        C        D        E       F      G
               +--------+--------+--------+--------+--------+-----+--------+
         Total |  27390 |  25292 |   2098 |   7929 |  13224 |  17 | 1611.2 |
       Dungeon |  19327 |  17575 |   1752 |   4373 |  10909 |  11 | 1757.0 |
        Temple |     68 |     61 |      7 |      0 |     41 |   1 |   68.0 |
          Lair |   6497 |   6199 |    298 |   3212 |   1524 |   3 | 2165.7 |
  Orcish Mines |   1497 |   1456 |     41 |    344 |    750 |   2 |  748.5 |
               +--------+--------+--------+--------+--------+-----+--------+

Top non-repeatable levels by time:
  Lair:1: 3149 daAuts
     D:9: 2690 daAuts
  Lair:2: 2654 daAuts
     D:7: 2227 daAuts
     D:2: 2201 daAuts
     D:5: 2080 daAuts
    D:11: 1791 daAuts
     D:8: 1738 daAuts
     D:3: 1511 daAuts
     D:1: 1495 daAuts
     D:4: 1481 daAuts
    D:10: 1186 daAuts
   Orc:1: 1010 daAuts
     D:6: 922 daAuts
  Lair:3: 693 daAuts
